| TOP OF THE 1ST |
|
Covington Blue Sox batting - Pitching for Bristol Bees : RHP Rich Martinez
|
|
Pitching: RHP Rich Martinez
|
|
|
Batting: RHB Douglas Palmer
|
0-0: Ball 1-0: Fly out, F9 (Flyball, 89M, EV 91.9 MPH)
|
|
Batting: RHB William Hoff
|
0-0: Ball 1-0: Foul Ball, location: 2F 1-1: Ball 2-1: Ball 3-1: Called Strike 3-2: Base on Balls
|
|
Batting: LHB Tito Nanni
|
0-0: Fielders Choice at 2nd, 4-6 (Groundball, 4, EV 80.0 MPH)
|
|
Batting: RHB Reginald Dewar
|
0-0: Foul Ball, location: 2F 0-1: Foul Ball, location: 2F 0-2: Foul Ball, location: 2F 0-2: SINGLE (Groundball, 34D, EV 97.5 MPH) Tito Nanni to second Runner from 2nd tries for 3rd, SAFE, no throw by RF
|
|
Batting: RHB Francisco Batista
|
0-0: Ball 1-0: Fly out, F8 (Flyball, 8LS, EV 76.9 MPH)
|
| Top of the 1st over - 0 runs, 1 hit, 0 errors, 2 left on base; Covington 0 - Bristol 0 |
| BOTTOM OF THE 1ST |
|
Bristol Bees batting - Pitching for Covington Blue Sox : RHP Jim Parke
|
|
Pitching: RHP Jim Parke
|
|
|
Batting: RHB Tracy Jones
|
0-0: Called Strike 0-1: Ball 1-1: SINGLE (Line Drive, 8RS, EV 98.8 MPH)
|
|
Batting: RHB Timothy Utecht
|
0-0: Ball 1-0: SINGLE (Line Drive, 8RS, EV 110.0 MPH) Tracy Jones to second
|
|
Batting: LHB Joe Orsulak
|
0-0: Called Strike 0-1: Called Strike 0-2: Ball 1-2: Foul Ball, location: 2F 1-2: Grounds into double play, 5-4-3 (Groundball, 56S, EV 78.1 MPH) Tracy Jones to third
|
|
Batting: SHB Dale Sveum
|
0-0: Called Strike 0-1: Ball 1-1: Foul Ball, location: 2F 1-2: Foul Ball, location: 2F 1-2: Ball 2-2: Strikes out swinging
|
| Bottom of the 1st over - 0 runs, 2 hits, 0 errors, 1 left on base; Covington 0 - Bristol 0 |
| TOP OF THE 2ND |
|
Covington Blue Sox batting - Pitching for Bristol Bees : RHP Rich Martinez
|
|
Batting: RHB Kenneth Bodle
|
0-0: Swinging Strike 0-1: Fly out, F8 (Flyball, 8LM, EV 79.4 MPH)
|
|
Batting: SHB Sam Haro
|
0-0: Foul Ball, location: 2F 0-1: Ground out 6-3 (Groundball, 6MS, EV 66.9 MPH)
|
|
Batting: RHB Miguel Ortiz
|
0-0: Called Strike 0-1: Ground out 5-3 (Groundball, 56, EV 89.4 MPH)
|
| Top of the 2nd over - 0 runs, 0 hits, 0 errors, 0 left on base; Covington 0 - Bristol 0 |
| BOTTOM OF THE 2ND |
|
Bristol Bees batting - Pitching for Covington Blue Sox : RHP Jim Parke
|
|
Batting: RHB Jerome Kovar
|
0-0: Called Strike 0-1: Ball 1-1: Called Strike 1-2: Ball 2-2: Ball 3-2: Ground out 6-3 (Groundball, 6, EV 103.1 MPH)
|
|
Batting: SHB Bernie Tatis
|
0-0: Called Strike 0-1: Ball 1-1: Ball 2-1: Ball 3-1: Called Strike 3-2: DOUBLE (Groundball, 3L, EV 102.5 MPH)
|
|
Batting: RHB Glenallen Hill
|
0-0: Ground out 5-3 (Groundball, 5, EV 87.5 MPH)
|
|
Batting: RHB Juan Burgos
|
0-0: Called Strike 0-1: Ball 1-1: Fly out, F7 (Flyball, 7LS, EV 85.0 MPH)
|
| Bottom of the 2nd over - 0 runs, 1 hit, 0 errors, 1 left on base; Covington 0 - Bristol 0 |
| TOP OF THE 3RD |
|
Covington Blue Sox batting - Pitching for Bristol Bees : RHP Rich Martinez
|
|
Batting: LHB Scott Hood
|
0-0: Foul Ball, location: 2F 0-1: Foul Ball, location: 2F 0-2: Ball 1-2: Ball 2-2: Ball 3-2: Base on Balls
|
|
Batting: RHB Douglas Palmer
|
0-0: Swinging Strike 0-1: Grounds into double play, 6-4-3 (Groundball, 6, EV 76.9 MPH)
|
|
Batting: RHB William Hoff
|
0-0: Called Strike 0-1: Ball 1-1: Swinging Strike 1-2: Ball 2-2: Ball 3-2: Foul Ball, location: 2F 3-2: Foul Ball, location: 2F 3-2: Fly out, F8 (Flyball, 78M, EV 91.9 MPH)
|
| Top of the 3rd over - 0 runs, 0 hits, 0 errors, 0 left on base; Covington 0 - Bristol 0 |
| BOTTOM OF THE 3RD |
|
Bristol Bees batting - Pitching for Covington Blue Sox : RHP Jim Parke
|
|
Batting: RHB Rory Dixon
|
0-0: Called Strike 0-1: Ball 1-1: Ball 2-1: Swinging Strike 2-2: Foul Ball, location: 2F 2-2: Fly out, F2 (Popup, 15S, EV 87.5 MPH)
|
|
Batting: RHB Tracy Jones
|
0-0: Swinging Strike 0-1: Swinging Strike 0-2: Ground out 4-3 (Groundball, 4D, EV 100.0 MPH)
|
|
Batting: RHB Timothy Utecht
|
0-0: Ball 1-0: SINGLE (Groundball, 4MD, EV 100.6 MPH)
|
|
Batting: LHB Joe Orsulak
|
0-0: Ball 1-0: Foul Ball, location: 2F 1-1: Ground out 1-3 (Groundball, 13, EV 58.1 MPH)
|
| Bottom of the 3rd over - 0 runs, 1 hit, 0 errors, 1 left on base; Covington 0 - Bristol 0 |
| TOP OF THE 4TH |
|
Covington Blue Sox batting - Pitching for Bristol Bees : RHP Rich Martinez
|
|
Batting: LHB Tito Nanni
|
0-0: Foul Ball, location: 2F 0-1: Ball 1-1: Ball 2-1: Ball 3-1: Base on Balls
|
|
Batting: RHB Reginald Dewar
|
0-0: Ball 1-0: Fly out, F9 (Flyball, 9LD, EV 98.1 MPH)
|
|
Batting: RHB Francisco Batista
|
0-0: Grounds into double play, 6-4-3 (Groundball, 6, EV 82.5 MPH)
|
| Top of the 4th over - 0 runs, 0 hits, 0 errors, 0 left on base; Covington 0 - Bristol 0 |
| BOTTOM OF THE 4TH |
|
Bristol Bees batting - Pitching for Covington Blue Sox : RHP Jim Parke
|
|
Batting: SHB Dale Sveum
|
0-0: Ball 1-0: Ball 2-0: Fly out, F8 (Line Drive, 8LD, EV 101.9 MPH)
|
|
Batting: RHB Jerome Kovar
|
0-0: Ball 1-0: Ball 2-0: Fly out, F3 (Popup, 3SF, EV 85.6 MPH)
|
|
Batting: SHB Bernie Tatis
|
0-0: Called Strike 0-1: Ball 1-1: Ball 2-1: Ball 3-1: Called Strike 3-2: Ground out 3-1 (Groundball, 34S, EV 78.8 MPH)
|
| Bottom of the 4th over - 0 runs, 0 hits, 0 errors, 0 left on base; Covington 0 - Bristol 0 |
| TOP OF THE 5TH |
|
Covington Blue Sox batting - Pitching for Bristol Bees : RHP Rich Martinez
|
|
Batting: RHB Kenneth Bodle
|
0-0: Ball 1-0: Ball 2-0: Called Strike 2-1: DOUBLE (Groundball, 5L, EV 96.9 MPH)
|
|
Batting: SHB Sam Haro
|
0-0: Ball 1-0: Ball 2-0: Ball 3-0: Base on Balls
|
|
Batting: RHB Miguel Ortiz
|
0-0: Called Strike 0-1: Ball 1-1: Ball 2-1: Ball 3-1: Fly out, F8 (Flyball, 89D, EV 96.9 MPH) Runner from 2nd tags up, SAFE at 3rd, no throw by CF
|
|
Batting: LHB Scott Hood
|
0-0: Called Strike Sam Haro steals 2nd base (no throw) 0-1: Ground out 4-3 (Groundball, 4MS, EV 87.5 MPH) Kenneth Bodle scores Sam Haro to third
|
|
Batting: RHB Douglas Palmer
|
0-0: Ball 1-0: Called Strike 1-1: Foul Ball, location: 2F 1-2: Ball 2-2: Strikes out looking
|
| Top of the 5th over - 1 run, 1 hit, 0 errors, 1 left on base; Covington 1 - Bristol 0 |
| BOTTOM OF THE 5TH |
|
Bristol Bees batting - Pitching for Covington Blue Sox : RHP Jim Parke
|
|
Batting: RHB Glenallen Hill
|
0-0: Called Strike 0-1: Ball 1-1: Ball 2-1: Fly out, F3 (Popup, 3F, EV 57.5 MPH)
|
|
Batting: RHB Juan Burgos
|
0-0: Reached on error, E5 (Groundball, 56S, EV 73.1 MPH)
|
|
Batting: RHB Rory Dixon
|
0-0: Called Strike 0-1: Foul Ball, location: 2F 0-2: Ball 1-2: Strikes out swinging
|
|
Batting: RHB Tracy Jones
|
0-0: Foul Ball, location: 2F 0-1: Fielders Choice at 2nd, 6-4 (Groundball, 6, EV 84.4 MPH)
|
| Bottom of the 5th over - 0 runs, 0 hits, 1 error, 1 left on base; Covington 1 - Bristol 0 |
| TOP OF THE 6TH |
|
Covington Blue Sox batting - Pitching for Bristol Bees : RHP Rich Martinez
|
|
Batting: RHB William Hoff
|
0-0: Called Strike 0-1: Called Strike 0-2: Fly out, F8 (Flyball, 78D, EV 91.3 MPH)
|
|
Batting: LHB Tito Nanni
|
0-0: Ball 1-0: Ball 2-0: Foul Ball, location: 2F 2-1: DOUBLE (Line Drive, 89XD, EV 103.1 MPH)
|
|
Batting: RHB Reginald Dewar
|
0-0: Called Strike 0-1: Foul Ball, location: 2F 0-2: Ground out 2-3 (Groundball, 2R, EV 71.9 MPH) Tito Nanni to third
|
|
Batting: RHB Francisco Batista
|
0-0: Fly out, F8 (Line Drive, 8RD, EV 108.8 MPH)
|
| Top of the 6th over - 0 runs, 1 hit, 0 errors, 1 left on base; Covington 1 - Bristol 0 |
| BOTTOM OF THE 6TH |
|
Bristol Bees batting - Pitching for Covington Blue Sox : RHP Jim Parke
|
|
Batting: RHB Timothy Utecht
|
0-0: Called Strike 0-1: Ball 1-1: Foul Ball, location: 2F 1-2: Ground out 5-3 (Groundball, 5L, EV 85.6 MPH)
|
|
Batting: LHB Joe Orsulak
|
0-0: Ground out 6-3 (Groundball, 6, EV 88.1 MPH)
|
|
Batting: SHB Dale Sveum
|
0-0: Swinging Strike 0-1: Ball 1-1: Foul Ball, location: 2F 1-2: SINGLE (Flyball, 56D, EV 98.1 MPH)
|
|
Batting: RHB Jerome Kovar
|
0-0: Ball 1-0: Called Strike 1-1: Called Strike 1-2: 2-RUN HOME RUN (Flyball, 78XD, EV 106.3 MPH), Distance : 439 ft
|
|
Batting: SHB Bernie Tatis
|
0-0: Called Strike 0-1: Ball 1-1: Ball 2-1: Ball 3-1: Called Strike 3-2: Foul Ball, location: 2F 3-2: Ground out 6-3 (Groundball, 6S, EV 91.3 MPH)
|
| Bottom of the 6th over - 2 runs, 2 hits, 0 errors, 0 left on base; Covington 1 - Bristol 2 |
| TOP OF THE 7TH |
|
Covington Blue Sox batting - Pitching for Bristol Bees : RHP Rich Martinez
|
|
Batting: RHB Kenneth Bodle
|
0-0: Called Strike 0-1: Foul Ball, location: 2F 0-2: Ground out 6-3 (Groundball, 6, EV 79.4 MPH)
|
|
Batting: SHB Sam Haro
|
0-0: SINGLE (Groundball, 6MD, EV 94.4 MPH)
|
|
Pinch Hitting: SHB Felix Perdomo
|
0-0: Ball Sam Haro steals 2nd base 1-0: Ball 2-0: Foul Ball, location: 2F 2-1: Ball 3-1: Base on Balls
|
|
Batting: LHB Scott Hood
|
0-0: Ball 1-0: Called Strike 1-1: Foul Ball, location: 2F 1-2: Fielders Choice at 2nd, 4-6 (Groundball, 4, EV 86.3 MPH) Sam Haro to third
|
|
Batting: RHB Douglas Palmer
|
0-0: Called Strike 0-1: Ball 1-1: Ball 2-1: Foul Ball, location: 2F 2-2: Foul Ball, location: 2F 2-2: Foul Ball, location: 2F 2-2: Ground out U3 (Groundball, 3, EV 103.1 MPH)
|
| Top of the 7th over - 0 runs, 1 hit, 0 errors, 2 left on base; Covington 1 - Bristol 2 |
| BOTTOM OF THE 7TH |
|
Bristol Bees batting - Pitching for Covington Blue Sox : RHP Jim Parke
|
|
Now at 2B: Felix Perdomo
|
|
|
Batting: RHB Glenallen Hill
|
0-0: Called Strike 0-1: Ground out 5-3 (Groundball, 56, EV 105.0 MPH)
|
|
Batting: RHB Juan Burgos
|
0-0: Foul Ball, location: 2F 0-1: Ground out 5-3 (Groundball, 56, EV 110.0 MPH)
|
|
Batting: RHB Rory Dixon
|
0-0: Ball 1-0: Called Strike 1-1: Ball 2-1: Called Strike 2-2: Foul Ball, location: 2F 2-2: Foul Ball, location: 2F 2-2: Strikes out swinging
|
| Bottom of the 7th over - 0 runs, 0 hits, 0 errors, 0 left on base; Covington 1 - Bristol 2 |
| TOP OF THE 8TH |
|
Covington Blue Sox batting - Pitching for Bristol Bees : RHP Rich Martinez
|
|
Batting: RHB William Hoff
|
0-0: Ball 1-0: SINGLE (Line Drive, 4MD, EV 96.3 MPH)
|
|
Batting: LHB Tito Nanni
|
0-0: SINGLE (Line Drive, 34, EV 96.3 MPH) William Hoff to second
|
|
Batting: RHB Reginald Dewar
|
0-0: Fly out, F9 (Flyball, 9S, EV 95.0 MPH)
|
|
Batting: RHB Francisco Batista
|
0-0: Ball 1-0: Ball 2-0: Called Strike 2-1: Ball 3-1: Base on Balls William Hoff to third Tito Nanni to second
|
|
Batting: RHB Kenneth Bodle
|
0-0: Swinging Strike 0-1: Foul Ball, location: 2F 0-2: Ball 1-2: Ball Passed Ball! William Hoff scores Tito Nanni to third Francisco Batista to second 2-2: Foul Ball, location: 2F 2-2: Foul Ball, location: 2F 2-2: Ground out 6-3 (Groundball, 6, EV 83.8 MPH)
|
|
Batting: SHB Sam Haro
|
0-0: Ball 1-0: Foul Ball, location: 2F 1-1: Foul Ball, location: 2F 1-2: Foul Ball, location: 2F 1-2: Ground out 6-3 (Groundball, P, EV 91.3 MPH)
|
| Top of the 8th over - 1 run, 2 hits, 0 errors, 2 left on base; Covington 2 - Bristol 2 |
| BOTTOM OF THE 8TH |
|
Bristol Bees batting - Pitching for Covington Blue Sox : RHP Jim Parke
|
|
Batting: RHB Tracy Jones
|
0-0: Ball 1-0: Called Strike 1-1: Foul Ball, location: 2F 1-2: Ball 2-2: Ball 3-2: Fly out, F7 (Flyball, 78XD, EV 104.4 MPH)
|
|
Batting: RHB Timothy Utecht
|
0-0: Ball 1-0: Called Strike 1-1: Ball 2-1: Swinging Strike 2-2: Foul Ball, location: 2F 2-2: Ball 3-2: Base on Balls
|
|
Batting: LHB Joe Orsulak
|
0-0: Ball 1-0: Called Strike 1-1: Ball 2-1: Fielders Choice at 2nd, 3-6 (Groundball, 3, EV 104.4 MPH)
|
|
Batting: SHB Dale Sveum
|
0-0: Called Strike Joe Orsulak is caught stealing 2nd base 2-6
|
| Bottom of the 8th over - 0 runs, 0 hits, 0 errors, 0 left on base; Covington 2 - Bristol 2 |
| TOP OF THE 9TH |
|
Covington Blue Sox batting - Pitching for Bristol Bees : RHP Rich Martinez
|
|
Pitching: RHP Jose Cano
|
|
|
Batting: SHB Felix Perdomo
|
0-0: Called Strike 0-1: DOUBLE (Flyball, 89D, EV 109.4 MPH)
|
|
Batting: LHB Scott Hood
|
0-0: Foul Ball, location: 2F 0-1: Swinging Strike 0-2: Ball 1-2: Foul Ball, location: 2F 1-2: Ball 2-2: Ball 3-2: Foul Ball, location: 2F 3-2: Base on Balls
|
|
Batting: RHB Douglas Palmer
|
0-0: Foul Ball, location: 2F 0-1: Ball 1-1: Foul Ball, location: 2F 1-2: Foul Ball, location: 2F 1-2: Foul Ball, location: 2F 1-2: Fielders Choice at 2nd, 3-6 (Groundball, 34, EV 105.6 MPH) Felix Perdomo to third
|
|
Batting: RHB William Hoff
|
0-0: Ball Wild Pitch! Felix Perdomo scores Douglas Palmer to second 1-0: Called Strike 1-1: Swinging Strike 1-2: 2-RUN HOME RUN (Flyball, 9LD, EV 86.3 MPH), Distance : 360 ft
|
|
Batting: LHB Tito Nanni
|
0-0: Swinging Strike 0-1: Ball 1-1: Ball 2-1: Ball 3-1: Foul Ball, location: 2F 3-2: Base on Balls
|
|
Batting: RHB Reginald Dewar
|
0-0: Ball 1-0: Called Strike 1-1: Called Strike 1-2: Ball 2-2: Ball 3-2: Foul Ball, location: 2F 3-2: Foul Ball, location: 2F 3-2: Fly out, F7 (Flyball, 78S, EV 88.8 MPH)
|
|
Batting: RHB Francisco Batista
|
0-0: Fly out, F3 (Popup, 3SF, EV 73.1 MPH)
|
| Top of the 9th over - 3 runs, 2 hits, 0 errors, 1 left on base; Covington 5 - Bristol 2 |
| BOTTOM OF THE 9TH |
|
Bristol Bees batting - Pitching for Covington Blue Sox : RHP Jim Parke
|
|
Batting: SHB Dale Sveum
|
0-0: Ground out 6-3 (Groundball, 6, EV 86.9 MPH)
|
|
Batting: RHB Jerome Kovar
|
0-0: Foul Ball, location: 2F 0-1: Ball 1-1: SINGLE (Groundball, 56S, EV 68.8 MPH) (infield hit)
|
|
Batting: SHB Bernie Tatis
|
0-0: Called Strike 0-1: Foul Ball, location: 2F 0-2: Ball 1-2: Ball 2-2: Foul Ball, location: 2F 2-2: Foul Ball, location: 2F 2-2: Strikes out swinging
|
|
Batting: RHB Glenallen Hill
|
0-0: Foul Ball, location: 2F 0-1: Fly out, F7 (Line Drive, 7D, EV 98.1 MPH)
|
| Bottom of the 9th over - 0 runs, 1 hit, 0 errors, 1 left on base; Covington 5 - Bristol 2 |
|